 Dungeon Crawl Stone Soup version 0.29-a0-355-g7276a9ff7f (webtiles) character file.

Game seed: 3854327406435831251

1486 Enlil the Covert (level 8, -1/52 HPs)
             Began as a Vampire Enchanter on Apr 25, 2022.
             Killed by nerve-wracking pain
             ... invoked by an orc priest
              (9 damage)
             ... on level 6 of the Dungeon.
             The game lasted 00:29:00 (5001 turns).

Enlil the Covert (Vampire Enchanter)                Turns: 5001, Time: 00:29:01

Health: -1/52      AC:  6    Str:  9    XL:     8   Next: 50%
Magic:  12/14      EV: 13    Int: 19    God:
Gold:   179        SH:  0    Dex: 15    Spells: 5/15 levels left

rFire   . . .      SeeInvis +   s - +2 dagger (venom)
rCold   . . .      Faith    .   (no shield)
rNeg    . . .      Spirit   .   n - +1 leather armour "Keexefa" {Int+2}
rPois   .          Reflect  .   (no helmet)
rElec   .          Harm     .   k - +0 cloak
rCorr   .          Rampage  .   (no gloves)
Will    .....                   q - +0 pair of boots
Stlth   ++++......              g - amulet of regeneration
HPRegen 1.17/turn               (no ring)
MPRegen 0.14/turn               (no ring)

@: healing quickly
A: alive, fangs 3, see invisible, vampiric 2
a: Exsanguinate


You were on level 6 of the Dungeon.
You visited 2 branches of the dungeon, and saw 7 of its levels.

You collected 179 gold pieces.

Inventory:

Hand Weapons
 b - a +0 dagger
 e - a +1 dagger of speed
 s - a +2 dagger of venom (weapon)
Missiles
 a - 16 poisoned darts (quivered)
Armour
 k - a +0 cloak (worn)
 n - the +1 leather armour "Keexefa" (worn) {Int+2}
   (You found it on level 4 of the Dungeon)

   Int:       It affects your intelligence (+2).
 q - a +0 pair of boots (worn)
Jewellery
 g - an amulet of regeneration (around neck)
Wands
 d - a wand of acid (2)
 o - a wand of flame (9)
 r - a wand of iceblast (12)
Scrolls
 f - 3 scrolls of identify
 m - 2 scrolls of fog
 p - a scroll of magic mapping
Potions
 h - a potion of resistance
 j - 4 potions of haste
 l - a potion of might
 t - a potion of degeneration {unknown}


   Skills:
 + Level 4.7 Short Blades
 + Level 3.3 Armour
 + Level 5.2 Dodging
 + Level 8.1 Stealth
 + Level 4.3 Spellcasting
 + Level 7.5 Hexes


You had 5 spell levels left.
You knew the following spells:

 Your Spells              Type           Power      Damage    Failure   Level
a - Confusing Touch       Hex            32%        N/A       2%          3
b - Vampiric Draining     Necr           4%         2d6       47%         3
c - Animate Skeleton      Necr           8%         N/A       19%         1
d - Tukima's Dance        Hex            32%        N/A       2%          3

Your spell library contained the following spells:

 Spells                   Type           Power      Damage    Failure   Level
 Ensorcelled Hibernation  Hex/Ice        36%        N/A       6%          2
 Dazzling Flash           Conj/Hex       36%        N/A       12%         3
 Pain                     Necr           16%        1d4       19%         1


Dungeon Overview and Level Annotations

Branches:
Dungeon (6/15)             Temple (1/1) D:4

Altars:
Ashenzari
Cheibriados
Elyvilon
Fedhas
Gozag
Hepliaklqana
Kikubaaqudgha
Makhleb
Nemelex Xobeh
Okawaru
Qazlal
Ru
Sif Muna
Trog
Uskayaw
Vehumet
Wu Jian
Xom
Yredelemnul
Zin
The Shining One

Shops:
D:6 (


Innate Abilities, Weirdness & Mutations

Your natural rate of healing is accelerated.
You have razor-sharp teeth.
You have supernaturally acute eyesight. (SInv)
You are afflicted with vampirism and can become a bat while bloodless.


Message History

You hit the ogre but do no damage. You bite the ogre.
The ogre is lightly wounded.
The orc priest casts a cantrip, but nothing happens.
The orc priest misses you.
You barely miss the ogre. Your bite misses the ogre.
The ogre is lightly wounded.
The ogre closely misses you.
You hit the ogre but do no damage.
The ogre appears confused.
You bite the ogre, but do no damage.
The ogre is lightly wounded.
The orc priest closely misses you.
You hit the ogre.
The ogre is poisoned.
The ogre is lightly wounded.
The orc priest calls down the wrath of Beogh upon you.
Beogh smites you!
* * * LOW HITPOINT WARNING * * *
The ogre closely misses you.
You hit the ogre but do no damage.
The ogre looks as sick as possible!
The ogre is lightly wounded.
The orc priest casts a cantrip, but nothing happens.
The orc priest invokes the aid of Beogh against you.
Beogh smites you!
* * * LOW HITPOINT WARNING * * *
You hit the orc priest but do no damage.
The orc priest is poisoned.
The orc priest is severely wounded.
You barely miss the orc priest.
The orc priest is almost dead.
The orc priest hits you with a +0 flail.
* * * LOW HITPOINT WARNING * * *
The ogre barely misses itself.
Okay, then.
Blink to where?
Press: ? - help, Dir - move target, p - phantom
As you read the scroll of blinking, it crumbles to dust.
You hit the ogre.
The ogre looks as sick as possible!
The ogre is severely wounded.
The orc priest calls down the wrath of Beogh upon you.
Pain shoots through your body!
You die...

#.# ######### #.#
#O@.....# #.#
#.#####.######.# #o#
#...8....##
#S#####.#.......##
#W##........>....##
#.##.##............
###o##.#8...∩...8####
#..)...........#.#
#.#....?..<....#.#


You could see a water moccasin, an ogre (confused, extremely poisoned), a
phantom (corroded) and 2 orc priests.

Vanquished Creatures
  Prince Ribbit (D:5)
  Grinder (D:3)
  Eustachio (D:6)
  A water moccasin (D:6)
  A sky beast (D:4)
  A kobold brigand (D:5)
  Blork the orc (D:5)
  A necrophage (D:5)
  A scorpion (D:6)
  3 orc priests
  A gnoll shaman (D:6)
  3 hounds
  An iguana (D:5)
  Ijyb (D:5)
  2 orc wizards (D:6)
  6 gnolls
  5 adders
  A shadow imp (D:6)
  An ufetubus (D:5)
  2 worms
  2 dart slugs
  8 orcs
  7 endoplasms
  6 giant cockroaches
  5 goblins
  5 hobgoblins
  5 kobolds
  4 quokkas
  7 ball pythons
  3 bats
  5 frilled lizards (D:1)
  6 rats
98 creatures vanquished.

Notes
Turn   | Place    | Note
-------+----------+-------------------------------------------
     0 | D:1      | Enlil the Vampire Enchanter began the quest for the Orb.
     0 | D:1      | Reached XP level 1. HP: 13/13 MP: 3/3
     2 | D:1      | Noticed a felid
     2 | D:1      | Noticed a human
     4 | D:1      | Noticed a troll
     4 | D:1      | Noticed a demigod
     6 | D:1      | Noticed a ghoul
     8 | D:1      | Noticed a vampire
     8 | D:1      | Noticed a draconian
    12 | D:1      | Noticed a spriggan
    14 | D:1      | Noticed a minotaur
    14 | D:1      | Noticed a merfolk
    16 | D:1      | Noticed a gargoyle
    18 | D:1      | Noticed a tengu
    18 | D:1      | Noticed a naga
    20 | D:1      | Noticed a vine stalker
    20 | D:1      | Noticed a demonspawn
    23 | D:1      | Noticed a formicid
    23 | D:1      | Noticed an octopode
    25 | D:1      | Noticed an elf
    25 | D:1      | Noticed a dwarf
    27 | D:1      | Noticed an ogre
   228 | D:1      | Reached XP level 2. HP: 8/19 MP: 5/5
   692 | D:2      | Gained mutation: You are afflicted with vampirism and can
                  | become a bat while bloodless. [Vampire growth]
   692 | D:2      | Reached XP level 3. HP: 23/24 MP: 6/6
   804 | D:2      | Learned a level 3 spell: Confusing Touch
   807 | D:2      | Reached skill level 5 in Stealth
   810 | D:2      | Reached skill level 5 in Hexes
   814 | D:2      | Reached XP level 4. HP: 30/30 MP: 3/7
  1658 | D:3      | Reached skill level 1 in Armour
  1675 | D:3      | Found a faded altar of an unknown god.
  1856 | D:3      | Found a bloodstained altar of Trog.
  1874 | D:3      | Noticed Grinder
  1879 | D:3      | Learned a level 3 spell: Vampiric Draining
  1887 | D:3      | Paralysed by Grinder for 7 turns
  1913 | D:3      | Killed Grinder
  1914 | D:3      | Reached XP level 5. HP: 11/35 MP: 4/9
  1914 | D:3      | Reached XP level 6. HP: 13/41 MP: 4/10
  2277 | D:3      | Found an ornate altar of the Wu Jian Council.
  2282 | D:3      | Noticed a spectral centipede
  2282 | D:3      | Noticed a spectral black mamba
  2282 | D:3      | Noticed a spectral cane toad
  2371 | D:4      | Noticed a sky beast
  2385 | D:4      | Killed a sky beast
  2386 | D:4      | Reached skill level 6 in Stealth
  2596 | D:4      | Identified the +1 leather armour "Keexefa" {Int+2}
  2935 | D:4      | Found a staircase to the Ecumenical Temple.
  3078 | D:4      | Found a blossoming altar of Fedhas.
  3079 | D:4      | Found an opulent altar of Gozag.
  3424 | Temple   | Entered the Ecumenical Temple
  3622 | D:5      | Entered Level 5 of the Dungeon
  3661 | D:5      | Learned a level 1 spell: Animate Skeleton
  3811 | D:5      | Noticed Ijyb
  3825 | D:5      | Killed Ijyb
  3843 | D:5      | Reached XP level 7. HP: 13/46 MP: 6/11
  3926 | D:5      | Noticed Prince Ribbit
  3930 | D:5      | Noticed Blork the orc
  3970 | D:5      | Killed Prince Ribbit
  3971 | D:5      | Reached skill level 7 in Stealth
  4034 | D:5      | Killed Blork the orc
  4213 | D:5      | Reached XP level 8. HP: 52/52 MP: 13/13
  4642 | D:6      | Noticed Eustachio
  4671 | D:6      | Killed Eustachio
  4672 | D:6      | Reached skill level 5 in Dodging
  4694 | D:6      | Learned a level 3 spell: Tukima's Dance
  4890 | D:6      | Reached skill level 8 in Stealth
  4927 | D:6      | Found Jehibux's Weapon Shop.
  5001 | D:6      | Killed from afar by an orc priest

Illustrated notes

Levels and vault maps discovered:
D:1:      kb_arrival_jail, layout_rooms, minivault_24
D:2:      layout_basic
D:3:      layout_basic, lightli_temple_of_fire,
          pdpol_wu_jian_five_deadly_venoms, hellmonk_ecumenical_altar_zigzags,
          uniq_grinder
D:4:      layout_cave_pods, chequers_temple_overflow_statue_of_worship,
          minmay_temple_entry_stoned_glass
D:5:      layout_rooms, elyvilon_altar_5, uniq_blork_the_orc,
          uniq_prince_ribbit1, uniq_ijyb
D:6:      layout_loops_corners, serial_shops, nicolae_stop_n_shop_1,
          uniq_duvessa, uniq_eustachio, uniq_pikel, uniq_sigmund
Temple:   nicolae_temple_elliptical

Skill      XL: |  1  2  3  4  5  6  7  8 |
---------------+-------------------------+-----
Stealth        | 5 6 7 8 |  8.1
Hexes          | 5 6 7 |  7.5
Short Blades   | 2 3 4 |  4.7
Armour         | 1 2 3 |  3.3
Dodging        | 3 4 5 |  5.2
Spellcasting   | 3 4 |  4.3

Action                   |  1- 3 |  4- 6 |  7- 9 || total
-------------------------+-------+-------+-------++-------
Melee: Dagger            |    88 |   172 |   216 ||   476
       Bite              |     7 |    19 |    41 ||    67
       Punch             |       |     2 |     4 ||     6
 Cast: Confusing Touch   |       |     5 |    17 ||    22
Evoke: Wand              |       |       |     8 ||     8
  Use: Scroll            |     5 |     3 |     3 ||    11
       Potion            |     3 |       |     5 ||     8
 Stab: Sleeping          |     9 |     8 |     4 ||    21
       Confused          |       |     7 |     6 ||    13
Armor: Robe              |     5 |       |       ||     5
       Leather armour    |     4 |    12 |    27 ||    43
       Ring mail         |       |    23 |       ||    23
Dodge: Dodged            |    34 |    67 |   108 ||   209

Table legend: (Time is in decaauts)
 A = Elapsed time spent in this place.
 B = Non-inter-level travel time spent in this place.
 C = Inter-level travel time spent in this place.
 D = Time resting spent in this place.
 E = Time spent auto-exploring this place.
 F = Levels seen in this place.
 G = Mean time per level.
                   A        B        C        D        E       F      G
               +--------+--------+--------+--------+--------+-----+--------+
         Total |   4814 |   4610 |    204 |    628 |   2386 |   7 |  687.7 |
       Dungeon |   4658 |   4462 |    196 |    628 |   2259 |   6 |  776.3 |
        Temple |    155 |    147 |      8 |      0 |    127 |   1 |  155.0 |
               +--------+--------+--------+--------+--------+-----+--------+

Top non-repeatable levels by time:
     D:4: 1072 daAuts
     D:2: 932 daAuts
     D:3: 735 daAuts
     D:5: 733 daAuts
     D:1: 638 daAuts
     D:6: 547 daAuts
  Temple: 155 daAuts
